Map: [ESL] Moondance

Players

Astrea - Winner!

  • Race: Protoss Protoss
  • Spawn Location: 6:00

Lambo

  • Race: Zerg Zerg
  • Spawn Location: 12:00

Event: DreamHack SC2 Masters 2022 Atlanta (Offline)

VOD

Have the link to the VOD?

Description

Time

  • Played on: Nov. 19, 2022, 10:25 a.m.
  • Length: 10:20

All games in this series

Show
View Real Time Build Order
Export as new Build Order

Astrea Protoss - Winner!

Build Orders: 1 Gate Expand, Oracle Opening, Zealot Archon, Archon Drop 

Get SALT Encoding   

  12  0:00  Probe  
  13  0:12  Probe  
  14  0:17  Pylon  
  14  0:24  Probe (Chrono Boost)  
  15  0:36  Probe (Chrono Boost)  
  15  0:38  Gateway  
  16  0:45  Probe (Chrono Boost)  
  16  0:47  Assimilator  
  17  0:51  Probe  
  18  1:03  Probe  
  19  1:15  Probe  
  20  1:23  Nexus  
  20  1:27  Probe  
  21  1:38  Cybernetics Core  
  21  1:43  Assimilator  
  21  1:45  Probe  
  22  1:54  Pylon  
  22  1:57  Probe  
  23  2:11  Adept (Chrono Boost)  
  23  2:12  Probe (Chrono Boost)  
  26  2:21  Stargate  
  26  2:22  Probe (Chrono Boost)  
  27  2:27  Probe (Chrono Boost)  
  28  2:30  Warp Gate  
  30  2:37  Probe (Chrono Boost)  
  30  2:39  Stalker  
  32  2:44  Probe (Chrono Boost)  
  32  2:46  Probe (Chrono Boost)  
  32  2:51  Probe x2 (Chrono Boost)  
  35  3:02  Probe  
  35  3:03  Probe  
  37  3:07  Oracle (Chrono Boost)  
  37  3:12  Pylon  
  40  3:14  Probe  
  40  3:15  Probe  
  42  3:26  Probe  
  42  3:27  Shield Battery  
  41  3:28  Probe  
  42  3:34  Oracle (Chrono Boost)  
  42  3:38  Probe  
  42  3:40  Probe  
  47  3:43  Nexus  
  47  3:47  Pylon  
  47  3:50  Probe  
  47  3:52  Probe  
  49  3:57  Forge  
  49  4:01  Twilight Council  
  49  4:03  Probe  
  49  4:04  Probe  
  51  4:15  Assimilator  
  51  4:17  Assimilator, Robotics Facility  
  52  4:19  Probe x2 (Chrono Boost)  
  52  4:21  Pylon  
  53  4:30  Probe (Chrono Boost)  
  54  4:31  Probe (Chrono Boost), Protoss Ground Weapons Level 1 (Chrono Boost)  
  55  4:39  Probe  
  55  4:40  Probe, Gateway  
  55  4:41  Gateway  
  57  4:45  Gateway  
  57  4:48  Charge  
  57  4:51  Probe  
  57  4:52  Zealot  
  60  4:54  Probe  
  60  4:56  Probe  
  62  5:03  Probe  
  62  5:05  Templar Archives  
  64  5:07  Probe  
  64  5:09  Warp Prism (Chrono Boost)  
  64  5:12  Probe  
  67  5:17  Probe  
  69  5:21  Probe  
  69  5:26  Probe  
  69  5:27  Gateway, Pylon  
  70  5:29  Gateway  
  70  5:30  Probe  
  71  5:37  Probe  
  72  5:42  Pylon  
  72  5:47  Probe x2  
  72  5:49  Assimilator, Pylon  
  74  5:50  High Templar  
  74  5:51  High Templar  
  74  5:54  Archon  
  78  5:59  Probe  
  78  6:01  High Templar x2  
  78  6:02  Nexus  
  83  6:05  Pylon, Archon  
  83  6:08  Probe  
  83  6:09  Probe  
  85  6:12  Protoss Ground Weapons Level 2 (Chrono Boost)  
  85  6:16  Observer (Chrono Boost)  
  86  6:19  Probe  
  86  6:20  Probe  
  86  6:22  Probe  
  89  6:29  Zealot x4  
  89  6:31  Probe  
  99  6:32  Probe  
  99  6:34  Zealot x2, Immortal (Chrono Boost)  
  99  6:39  Probe  
  106  6:44  Probe  
  106  6:46  Probe  
  107  6:51  Zealot  
  107  6:52  Zealot x2  
  113  6:54  Pylon  
  113  6:56  Pylon  
  113  6:57  Pylon  
  113  6:59  Pylon  
  112  7:01  Robotics Bay  
  112  7:08  Shield Battery  
  112  7:10  Immortal (Chrono Boost)  
  112  7:12  Probe  
  112  7:14  Probe x2  
  119  7:21  Probe  
  120  7:26  Probe x2  
  122  7:30  Assimilator  
  122  7:31  High Templar x3  
  122  7:32  Zealot x2, High Templar  
  122  7:35  Assimilator  
  122  7:36  Archon  
  134  7:38  Photon Cannon  
  134  7:39  Gateway, Pylon, Archon  
  134  7:40  Gateway  
  134  7:47  Disruptor (Chrono Boost)  
  134  7:49  Blink  
  134  7:50  Shield Battery  
  137  7:51  Photon Cannon, Shield Battery  
  137  7:53  Photon Cannon  
  137  7:56  Probe x4  
  139  8:02  Zealot x2  
  139  8:04  Zealot x3  
  137  8:14  Probe x2  
  137  8:16  Disruptor  
  137  8:18  Zealot  
  137  8:29  Zealot x2  
  137  8:30  Zealot x3  
  137  8:31  Probe  
  132  8:41  Zealot x2  
  132  8:42  Zealot  
  116  8:49  Disruptor (Chrono Boost)  
  116  8:51  Stalker x5  
  103  9:10  Zealot x2  
  103  9:14  Stalker x8  
  103  9:16  Disruptor (Chrono Boost)  
  119  9:23  Shield Battery  
  119  9:24  Photon Cannon, Probe x2, Shield Battery  
  122  9:26  Photon Cannon  
  122  9:40  Zealot x4  
  122  9:43  Disruptor  
  133  9:47  Nexus  
  133  9:48  Stalker x3  
  133  9:58  Stalker  
  122  10:00  Stalker x4  
  116  10:15  Stalker x3  
  116  10:19  Photon Cannon  
Show
View Real Time Build Order
Export as new Build Order

Lambo Zerg 

Build Orders: Hatch First 

Get SALT Encoding   

  12  0:00  Drone  
  13  0:12  Overlord  
  13  0:16  Drone  
  14  0:31  Drone x2  
  16  0:48  Hatchery  
  15  0:51  Drone  
  15  0:54  Drone  
  17  0:58  Drone  
  18  1:09  Extractor  
  17  1:14  Spawning Pool  
  17  1:17  Drone  
  17  1:20  Drone  
  18  1:30  Drone  
  19  1:38  Drone  
  20  1:52  Overlord  
  20  2:00  Queen  
  20  2:01  Queen  
  22  2:02  Drone, Zergling x2  
  26  2:10  Metabolic Boost  
  26  2:11  Zergling x2  
  26  2:13  Drone  
  28  2:21  Drone  
  28  2:22  Drone  
  30  2:35  Drone x2  
  32  2:41  Hatchery  
  32  2:44  Drone  
  32  2:47  Overlord  
  32  2:52  Queen  
  32  2:56  Drone  
  32  2:57  Drone  
  36  3:07  Spore Crawler  
  36  3:11  Drone x4  
  39  3:13  Queen  
  39  3:19  Spore Crawler  
  40  3:24  Overlord  
  40  3:26  Drone x3  
  44  3:37  Overlord  
  44  3:41  Queen  
  44  3:42  Drone x2  
  44  3:43  Drone  
  44  3:45  Drone x2  
  44  3:47  Drone  
  52  3:53  Queen, Spore Crawler  
  53  3:57  Drone x2  
  53  3:58  Zergling x2  
  53  3:59  Zergling x2  
  53  4:01  Drone x2  
  59  4:06  Overlord  
  58  4:13  Drone x4  
  58  4:14  Drone  
  62  4:17  Drone  
  63  4:24  Spore Crawler  
  63  4:25  Spore Crawler  
  63  4:26  Drone x2  
  61  4:32  Overlord  
  61  4:33  Drone  
  61  4:34  Drone x3  
  61  4:37  Overlord, Roach Warren  
  66  4:40  Overlord  
  66  4:41  Drone  
  67  4:45  Drone  
  67  4:46  Drone  
  67  4:48  Drone  
  67  4:49  Drone  
  71  4:56  Spore Crawler  
  71  4:57  Overlord  
  71  4:59  Drone, Lair  
  71  5:03  Evolution Chamber  
  71  5:04  Hatchery  
  69  5:07  Drone x2  
  69  5:08  Drone  
  69  5:11  Extractor  
  71  5:15  Drone x5  
  71  5:16  Drone  
  71  5:19  Drone x2  
  79  5:26  Extractor  
  79  5:27  Drone  
  79  5:30  Extractor  
  79  5:32  Queen, Baneling Nest  
  79  5:37  Drone x3, Spore Crawler  
  79  5:40  Overlord  
  79  5:41  Drone x2  
  79  5:42  Overlord, Zerg Melee Weapons Level 1  
  83  5:43  Roach  
  83  5:46  Roach x2  
  83  5:48  Overlord  
  88  5:51  Roach  
  88  5:52  Roach  
  88  5:55  Overlord  
  94  5:57  Zergling x4, Roach  
  94  5:58  Overseer  
  94  6:03  Drone x2  
  94  6:04  Drone  
  99  6:05  Glial Reconstitution  
  99  6:06  Extractor  
  99  6:07  Drone x2  
  99  6:08  Extractor  
  99  6:10  Overlord  
  99  6:13  Roach x2  
  99  6:14  Roach  
  99  6:15  Drone  
  106  6:19  Overlord  
  106  6:20  Roach x2  
  106  6:24  Overlord  
  106  6:25  Roach x2  
  114  6:30  Overlord  
  114  6:32  Overlord  
  114  6:34  Overlord  
  114  6:36  Overlord  
  114  6:38  Overlord  
  113  6:40  Overlord  
  113  6:41  Centrifugal Hooks  
  113  6:43  Overlord  
  113  6:45  Roach  
  115  6:49  Overlord  
  115  6:53  Roach x4  
  123  6:59  Roach  
  123  7:00  Roach x3  
  130  7:07  Roach x5  
  139  7:18  Roach x7  
  156  7:22  Roach  
  156  7:23  Roach, Overlord  
  156  7:26  Zergling x6  
  156  7:28  Overlord  
  156  7:29  Zergling x2  
  160  7:32  Overlord  
  160  7:36  Overlord  
  160  7:42  Zergling x2  
  160  7:43  Zergling x16  
  169  7:48  Zergling x4  
  169  7:49  Ravager x6  
  169  7:50  Ravager  
  178  7:53  Zergling x8  
  178  7:56  Ravager  
  183  8:00  Zergling x12  
  188  8:10  Zergling x10  
  188  8:11  Zergling x4  
  193  8:13  Baneling x8  
  193  8:19  Ravager  
  193  8:21  Zergling x12  
  193  8:25  Baneling x9  
  196  8:31  Zergling x10  
  166  8:44  Zergling x18  
  166  8:48  Zergling x4  
  149  8:55  Zergling x8  
  143  8:57  Roach  
  143  8:59  Roach  
  143  9:02  Roach x2  
  130  9:08  Roach x3  
  132  9:15  Roach x2  
  136  9:20  Roach x4  
  136  9:23  Baneling x10  
  139  9:29  Zergling x10  
  144  9:33  Baneling x6  
  144  9:35  Zergling x2, Baneling  
  144  9:36  Zergling x2  
  144  9:38  Overlord  
  146  9:41  Zergling x4  
  146  9:45  Baneling x3  
  144  9:46  Overlord  
  128  9:53  Zergling x4  
  128  9:57  Zergling x16  
  121  10:00  Zergling x6  
Tags
 
Add a new tag
Caveats
  • Supply blocks, unpowered buildings, or Contaminate may cause inaccurate times.
  • Supply counts are checked every 10 seconds.